 Dungeon Crawl Stone Soup version 0.18-a0-1180-g64ccc1e (webtiles) character file.

81 Silkki the Skirmisher (level 4, 0/29 HPs)
             Began as a Gargoyle Fighter on Jan 27, 2016.
             Was a Follower of Fedhas.
             Slain by Azzok's ghost (3 damage)
             ... on level 3 of the Dungeon.
             The game lasted 00:03:51 (1051 turns).

Silkki the Skirmisher (Gargoyle Fighter)            Turns: 1051, Time: 00:03:51

Health: 0/29       AC: 10    Str: 19    XL:     4   Next: 42%
Magic:  4/4        EV:  7    Int: 10    God:    Fedhas [*.....]
Gold:   78         SH:  9    Dex:  9    Spells: 0 memorised, 3 levels left

rFire  . . .     SeeInvis .     a - +0 flail
rCold  . . .     Gourm    .     b - +0 scale mail
rNeg   + . .     Faith    .     c - +0 shield
rPois  ∞         Spirit   .     (no helmet)
rElec  +         Dismiss  .     (no cloak)
rCorr  .         Reflect  .     (no gloves)
SustAt .         Harm     .     (no boots)
MR     .....                    (no amulet)
Stlth  ..........               (no ring)
                                (no ring)

@: slowed, very slow, not resistant to hostile enchantments, extremely
unstealthy
A: negative energy resistance 1, electricity resistance, unbreathing,
petrification resistance, rot immunity, AC +3
a: Evolution, Renounce Religion


You were on level 3 of the Dungeon.
You worshipped Fedhas.
Fedhas was aware of your devotion.
You were hungry.

You visited 1 branch of the dungeon, and saw 3 of its levels.

You collected 78 gold pieces.

Inventory:

Hand Weapons
 a - a +0 flail (weapon)
 j - a +1 short sword of flaming
Armour
 b - a +0 scale mail (worn)
 c - a +0 shield (worn)
 p - a +0 robe
 q - a +0 cloak
Scrolls
 e - 3 scrolls of identify {unknown}
 g - a scroll of enchant weapon {unknown}
 l - a scroll of remove curse {unknown}
 m - a scroll of magic mapping {unknown}
Potions
 d - a potion of might
 h - 2 potions of curing {unknown}
 i - 2 potions of cancellation {unknown}
 o - a potion of lignification {unknown}
Comestibles
 f - 2 bread rations
 k - a beef jerky


   Skills:
 + Level 4.0 Fighting
 * Level 3.9 Maces & Flails
 - Level 3.4 Armour
 - Level 3.2 Shields


You had 3 spell levels left.
You didn't know any spells.

Dungeon Overview and Level Annotations

Branches:
Dungeon (3/15)

Altars:
Fedhas

Annotations:
D:3 Azzok's ghost, amateur MiFi; Natasha


Innate Abilities, Weirdness & Mutations

You are resistant to torment.
Your stone body is resilient (AC +3).
You are immune to poison.
You resist negative energy.
You are resistant to electric shocks.
You can survive without breathing.
You are immune to petrification.
You are immune to rotting.


Message History

Natasha zaps a wand.
You resist with some effort.
It is a wand of slowing.
Your shield and scale mail prevent you from hitting Natasha.
You block Azzok's ghost's attack.
Natasha zaps a wand.
You feel yourself slow down. Azzok's ghost hits you.
* * * LOW HITPOINT WARNING * * *
The giant newt hisses menacingly.
You block Natasha's attack.
The orc wizard mumbles some strange words.
The orc wizard flickers and vanishes!
You closely miss Natasha. Azzok's ghost hits you.
* * * LOW HITPOINT WARNING * * *
Natasha claws you.
* * * LOW HITPOINT WARNING * * *
You block Azzok's ghost's attack. Natasha claws you but does no damage.
Unknown command.
You sock Natasha!
Natasha is heavily wounded.
Azzok's ghost hits you.
You die...
Fedhas appreciates your contribution to the ecosystem.

.# .# .# #.# .#
.### ####.# .#
.... ..#.# .# .##
#.#.# .# .# #.#.#
.# .# #...######
.# .#
#....ogoK##h# #
#>..o.oglW@.#
#.####.o#.###Z####
##........# #.#
##o####o.### #.#
#.o....o.# #.#
.o#####..# #.# ..#
#..# #.# #g# ...#
#.# #.# #.#..


You could see an orc priest, Natasha, Azzok's ghost, 3 orcs, a jackal zombie, 2
goblins, a kobold and a giant newt.

Vanquished Creatures
  Jessica (D:3)
  2 adders
  An ooze (D:1)
  A worm (D:2)
  2 giant geckos (D:1)
  A giant cockroach (D:1)
  6 goblins
  3 hobgoblins
  A ball python (D:1)
  4 bats (D:1)
  A giant newt (D:1)
  5 kobolds
  4 rats
32 creatures vanquished.

Notes
Turn   | Place    | Note
--------------------------------------------------------------
     0 | D:1      | Silkki the Gargoyle Fighter began the quest for the Orb.
     0 | D:1      | Reached XP level 1. HP: 14/14 MP: 1/1
   238 | D:1      | Reached XP level 2. HP: 17/19 MP: 2/2
   441 | D:1      | Reached XP level 3. HP: 16/23 MP: 3/3
   906 | D:2      | Found a faded altar to an unknown god.
   921 | D:2      | Became a worshipper of Fedhas Madash
   921 | D:2      | Reached * piety under Fedhas
   948 | D:3      | Noticed Jessica
   961 | D:3      | Killed Jessica
   961 | D:3      | Reached XP level 4. HP: 15/29 MP: 4/4
   962 | D:3      | Reached skill level 4 in Fighting
   997 | D:3      | Noticed Azzok's ghost (amateur MiFi)
  1047 | D:3      | Noticed Natasha
  1051 | D:3      | Slain by Azzok's ghost

Vault maps used:
D:1:      minmay_arrival_shoal_huts
D:2:      first_bread, ecumenical_altar_2, uniq_terence
D:3:      uniq_grinder, uniq_jessica, uniq_natasha

Action                   |  1- 3 |  4- 6 || total
-------------------------+-------+-------++-------
Melee: Flail             |   136 |     5 ||   141
  Use: Scroll            |       |     1 ||     1
